 Dungeon Crawl Stone Soup version 0.25-a0-35-g747a2b3c0c (webtiles) character file.

Game seed: 10276733882495318030, levelgen mode: deterministic

2737 Fingolfin the Ducker (level 9, -9/62 HPs)
             Began as an Octopode Fire Elementalist on Oct 19, 2019.
             Was a Follower of Sif Muna.
             Mangled by an ice beast (11 damage)
             ... on level 7 of the Dungeon.
             The game lasted 00:22:55 (8850 turns).

Fingolfin the Ducker (Octopode Fire Elementalist)   Turns: 8850, Time: 00:22:55

Health: -9/62      AC:  1    Str:  8    XL:     9   Next: 67%
Magic:  7/12       EV: 16    Int: 20    God:    Sif Muna [*.....]
Gold:   151        SH:  5    Dex: 12    Spells: 4/12 levels left

rFire    . . .     SeeInvis .   b - +1 short sword (venom)
rCold    . . .     Gourm    .   a - +0 buckler
rNeg     . . .     Faith    .   (helmet restricted)
rPois    .         Spirit   .   (no amulet)
rElec    .         Reflect  .   e - ring of stealth
rCorr    .         Harm     .   k - ring of wizardry
MR       .....                  (no ring)
Stlth    ++++......             (no ring)
HPRegen  0.20/turn              (no ring)
MPRegen  0.13/turn              (no ring)
                                (no ring)
                                (no ring)

@: no status effects
A: almost no armour, stealthy swim, amphibious, 8 rings, constrict 8, camouflage
1, gelatinous body 1
a: Channel Magic, Renounce Religion


You were on level 7 of the Dungeon.
You worshipped Sif Muna.
Sif Muna was aware of your devotion.
You were not hungry.

You visited 2 branches of the dungeon, and saw 10 of its levels.
You also visited: Bailey.

You collected 319 gold pieces.
You spent 168 gold pieces at shops.

Inventory:

Hand Weapons
 b - a +1 short sword of venom (weapon)
Armour
 a - a +0 buckler (worn)
Jewellery
 e - a ring of stealth (left tentacle)
 k - a ring of wizardry (right tentacle)
Wands
 m - a wand of random effects (16)
 u - a wand of digging (1)
 v - a wand of iceblast (11)
Scrolls
 c - 2 scrolls of enchant weapon {unknown}
 f - a scroll of noise {unknown}
 g - 4 scrolls of teleportation
 o - a scroll of remove curse {unknown}
 p - 2 scrolls of fear
 r - a scroll of fog
 s - a scroll of amnesia
Potions
 h - a potion of heal wounds
 i - a potion of cancellation {unknown}
 j - 2 potions of mutation
 l - 2 potions of agility {unknown}
 n - 4 potions of curing
 q - a potion of brilliance {unknown}
 t - a potion of lignification {unknown}
 w - a potion of resistance {unknown}
 x - a potion of might {unknown}
Comestibles
 d - 8 rations


   Skills:
 - Level 6.0 Fighting
 - Level 6.2 Dodging
 - Level 2.6 Stealth
 - Level 5.0 Shields
 - Level 2.0 Spellcasting
 + Level 6.1 Conjurations
 + Level 6.1 Fire Magic


You had 4 spell levels left.
You knew the following spells:

 Your Spells              Type           Power        Failure   Level  Hunger
a - Flame Tongue          Conj/Fire      ####.        1%          1    #......
c - Conjure Flame         Conj/Fire      ####....     1%          3    ###....
d - Sticky Flame          Conj/Fire      ####....     5%          4    #####..

Your spell library contained the following spells:

 Spells                   Type           Power        Failure   Level  Hunger
 Throw Flame              Conj/Fire      ####..       1%          2    ##.....
 Inner Flame              Hex/Fire       ##......     5%          3    ###....
 Fireball                 Conj/Fire      ####......   14%         5    ######.


Dungeon Overview and Level Annotations

Branches:
Dungeon (9/15)             Temple (1/1) D:6            Lair (0/6) D:8
 Bailey (visited)
    Orc: D:9-12

Altars:
Ashenzari
Dithmenos
Elyvilon
Fedhas
Kikubaaqudgha
Makhleb
Nemelex Xobeh
Qazlal
Ru
Sif Muna
Trog
Vehumet
Wu Jian
Xom
Yredelemnul
The Shining One

Shops:
D:5 ?   D:7 }%(

Annotations:
D:8 Joseph


Innate Abilities, Weirdness & Mutations

You cannot wear most types of armour.
You are very stealthy in the water. (Stealth+)
You are amphibious.
You can wear up to eight rings at the same time.
You can use your tentacles to constrict eight enemies at once.
Your skin changes colour to match your surroundings (Stealth+).
Your rubbery body absorbs attacks. (AC +1, EV +1)


Message History

You block the orc's attack. The orc barely misses you.
The orc closely misses you.
Welcome back to the Dungeon!
The ice beast closely misses you. The ice beast misses you.
There is an empty arch of ancient stone here.
The ice beast barely misses you. You block the orc's attack.
The orc barely misses you.
The leopard gecko hisses angrily.
The ice beast hits you. The ice beast freezes you!
* * * LOW HITPOINT WARNING * * *
The ice beast hits you.
* * * LOW HITPOINT WARNING * * *
The ice beast freezes you.
* * * LOW HITPOINT WARNING * * *
The orc closely misses you. x2
There is a stone staircase leading up here.
The ice beast hits you.
* * * LOW HITPOINT WARNING * * *
The ice beast freezes you!
You die...

○..≈# ..≈≈ #.. ≈≈≈ #.. ..###
##.. ....##### ##..#########
........# ##......8....#
........# #.!..........##
....!..## ##.##.8.....8..#
######## #.@##..........# #
#.Y##..........#
#.oo#8...∩...8.#
##o.#..........# #######
##..l..........#
##.....######..÷..8.....8...#
###.........%................##
.....##................8....##
..########.......########...#


You could see an ice beast, 3 orcs and a leopard gecko.

Vanquished Creatures
  Prince Ribbit (D:6)
  Menkaure (D:6)
  2 water moccasins
  Duvessa (D:6)
  A sky beast (D:5)
  An ice beast (D:5)
  2 ogres
  A wolf (D:8)
  2 bullfrogs
  Dowan (D:6)
  A water moccasin zombie (D:7)
  A wyvern skeleton (D:7)
  2 scorpions
  A howler monkey (D:6)
  4 crimson imps
  A bullfrog zombie (D:7)
  2 centaur zombies
  2 jellies
  3 hounds
  2 centaur skeletons
  4 orc priests
  A bullfrog skeleton (D:5)
  Terence (D:2)
  A worker ant (D:4)
  An iguana (D:5)
  5 orc wizards
  Natasha (thrice) (D:3)
  A hound zombie (D:6)
  2 hound skeletons
  6 gnolls
  A howler monkey skeleton (D:5)
  14 adders
  3 shadow imps
  An adder zombie (D:5)
  3 dart slugs (D:1)
  A worm (D:3)
  A leopard gecko (D:5)
  25 orcs
  5 bats
  10 giant cockroaches
  10 goblins
  5 hobgoblins
  5 jackals
  6 kobolds
  6 quokkas
  A ball python (D:2)
  6 frilled lizards
  A jackal zombie (D:5)
  A leopard gecko skeleton (D:5)
  5 rats
167 creatures vanquished.

Vanquished Creatures (others)
  An ogre (D:7)
  A centaur (D:7)
  A hound (D:7)
3 creatures vanquished.

Grand Total: 170 creatures vanquished

Notes
Turn   | Place    | Note
-------+----------+-------------------------------------------
     0 | D:1      | Fingolfin the Octopode Fire Elementalist began the quest
                  | for the Orb.
     0 | D:1      | Reached XP level 1. HP: 11/11 MP: 3/3
   230 | D:1      | Reached XP level 2. HP: 7/17 MP: 0/5
   788 | D:1      | Reached XP level 3. HP: 21/21 MP: 4/6
   793 | D:1      | Learned a level 3 spell: Conjure Flame
  1596 | D:2      | Found a shadowy altar of Dithmenos.
  1613 | D:2      | Noticed Terence
  1658 | D:2      | Killed Terence
  1658 | D:2      | Reached XP level 4. HP: 8/27 MP: 3/7
  2640 | D:3      | Found a glowing golden altar of the Shining One.
  2836 | D:3      | Reached XP level 5. HP: 28/31 MP: 1/8
  3010 | D:3      | Noticed Natasha
  3015 | D:3      | Killed Natasha
  3262 | D:3      | Noticed Natasha
  3268 | D:3      | Killed Natasha
  3271 | D:3      | Noticed Natasha
  3280 | D:3      | Killed Natasha
  3470 | D:3      | Reached XP level 6. HP: 36/36 MP: 9/9
  3476 | D:3      | Learned a level 4 spell: Sticky Flame
  3669 | D:4      | Found Retruhy's Armour Shop.
  4295 | D:4      | Found a blossoming altar of Fedhas.
  4426 | D:4      | Reached skill level 5 in Conjurations
  4426 | D:4      | Reached skill level 5 in Fire Magic
  4633 | D:4      | Reached XP level 7. HP: 41/41 MP: 2/10
  4977 | D:4      | Reached skill level 1 in Fighting
  5171 | D:5      | Entered Level 5 of the Dungeon
  5487 | D:5      | Found a shattered altar of Ashenzari.
  5783 | D:5      | Found Okhe's Magic Scroll Emporium.
  5789 | D:5      | Bought a scroll of identify for 24 gold pieces
  5790 | D:5      | Bought a scroll of fog for 24 gold pieces
  5790 | D:5      | Bought a scroll of fear for 42 gold pieces
  5790 | D:5      | Bought a scroll of teleportation for 36 gold pieces
  5790 | D:5      | Bought a scroll of amnesia for 42 gold pieces
  5936 | D:5      | Reached XP level 8. HP: 54/54 MP: 4/11
  6180 | D:5      | Reached skill level 5 in Fighting
  6531 | D:6      | Noticed Menkaure
  6535 | D:6      | Noticed Duvessa
  6535 | D:6      | Noticed Dowan
  6538 | D:6      | Noticed Prince Ribbit
  6540 | D:6      | Killed Menkaure
  6540 | D:6      | Reached skill level 1 in Shields
  6715 | D:6      | Killed Prince Ribbit
  6779 | D:6      | Found a staircase to the Ecumenical Temple.
  6788 | Temple   | Entered the Ecumenical Temple
  7322 | Temple   | Became a worshipper of Sif Muna the Loreminder
  7341 | D:6      | Reached XP level 9. HP: 53/62 MP: 2/12
  7406 | D:6      | Killed Duvessa
  7406 | D:6      | HP: 1/62 [Dowan/+0 dagger (6)]
  7413 | D:6      | Killed Dowan
  7733 | D:6      | Reached skill level 5 in Dodging
  7866 | D:6      | Found a sparkling altar of Nemelex Xobeh.
  8092 | D:7      | Found Doucapn's Antique Weapon Boutique.
  8109 | D:7      | Found Goimm's Food Shop.
  8109 | D:7      | You fall into a shaft and drop 2 floors!
  8118 | D:8      | Noticed a troll
  8130 | D:8      | Found a staircase to the Lair.
  8145 | D:8      | Noticed Joseph
  8175 | D:7      | Reached skill level 5 in Shields
  8268 | D:7      | Found Wojeloth's Gadget Shop.
  8401 | D:7      | Found a white marble altar of Elyvilon.
  8513 | D:7      | Found a shimmering altar of Xom.
  8536 | D:7      | Reached * piety under Sif Muna
  8667 | D:7      | Found a flagged portal.
  8679 | Bailey   | Entered a bailey
  8850 | D:7      | HP: 2/62 [ice beast (5)]
  8850 | D:7      | Mangled by an ice beast

Levels and vault maps discovered:
D:1:      dpeg_arrival_solitude, layout_basic
D:2:      layout_basic, grunt_dithmenos_smoke_and_mirrors, minmay_between,
          uniq_terence
D:3:      layout_basic, lemuel_round_altar, moated_statue, st_stairs_6,
          uniq_natasha
D:4:      layout_cave_pools, fedhas_altar_2, serial_shops, shop, first_ration,
          grunt_ministairs_3, corexii_mini_fake_secret_closet
D:5:      layout_gridville, ashenzari_altar_1, serial_shops, nicolae_shop_stone
D:6:      lemuel_upstairs_altar, layout_cave_pools,
          nemelex_xobeh_ov_fountains_minmay, minmay_temple_entry_junction_2,
          uniq_menkaure, uniq_duvessa, uniq_prince_ribbit1
D:7:      layout_layer_cave, old_standard_altar, nicolae_overflow_hidden_temple,
          xom_confusion_cloud, serial_shops, shop_statue,
          nicolae_shop_overgrown_old_shop, shop, enter_bailey_6
D:8:      layout_rooms, erik_lair_island, eino_jars, uniq_joseph
D:9:      layout_layer_cave, kennysheep_mini_moat, slow_altar_2,
          kennysheep_orc_monster_closet_entryway
Temple:   jpeg_temple_island

Skill      XL: |  1  2  3  4  5  6  7  8  9 |
---------------+----------------------------+-----
Conjurations   | 2 3 4 5 6 |  6.1
Fire Magic     | 4 5 6 |  6.1
Fighting       | 4 6 |  6.0
Shields        | 3 5 |  5.0
Dodging        | 4 6 |  6.2
Stealth        | |  2.6
Spellcasting   | |  2.0

Action                   |  1- 3 |  4- 6 |  7- 9 || total
-------------------------+-------+-------+-------++-------
Melee: Dagger            |     5 |       |       ||     5
       Constrict         |     5 |    15 |    36 ||    56
       Tentacles         |     3 |     3 |    33 ||    39
       Short sword       |    16 |    59 |   155 ||   230
 Cast: Flame Tongue      |    48 |    77 |    75 ||   200
       Sticky Flame      |       |     1 |    14 ||    15
       Conjure Flame     |       |     1 |    11 ||    12
  Use: Scroll            |       |       |     4 ||     4
       Potion            |       |       |     1 ||     1
 Stab: Sleeping          |       |     9 |     6 ||    15
  Eat: Ration            |     1 |       |       ||     1
       Chunk             |       |    10 |    18 ||    28
Armor: Skin              |     2 |     8 |     9 ||    19
Dodge: Dodged            |    23 |    61 |   158 ||   242
Block: Buckler           |     4 |    15 |    52 ||    71

Table legend:
 A = Non-vault XP
 B = Vault XP
 C = Vault XP percentage of total XP
 D = Non-vault monster count
 E = Vault monster count
 F = Vault count percentage of total count
                 A         B        C        D         E       F
            +---------+---------+-------+---------+---------+-------
      Total |    2860 |    1051 |  26.9 |     147 |      20 |  12.0
            +---------+---------+-------+---------+---------+-------
        D:1 |      36 |       0 |   0.0 |      17 |       0 |   0.0
        D:2 |      28 |      40 |  58.8 |      18 |       3 |  14.3
        D:3 |     178 |      46 |  20.5 |      25 |       2 |   7.4
        D:4 |     460 |      44 |   8.7 |      24 |       2 |   7.7
        D:5 |     867 |       0 |   0.0 |      31 |       0 |   0.0
        D:6 |     669 |     653 |  49.4 |      18 |       4 |  18.2
        D:7 |     622 |     135 |  17.8 |      14 |       4 |  22.2
        D:8 |       0 |     121 | 100.0 |       0 |       1 | 100.0
     Bailey |       0 |      12 | 100.0 |       0 |       4 | 100.0
            +---------+---------+-------+---------+---------+-------
